 Dungeon Crawl Stone Soup version 0.30.0-29-ga12c61a403 (webtiles) character file.

Game seed: 15939300300300193003

693 olmar the Ruffian (level 7, 0/60 HPs)
             Began as a Ghoul Monk on June 6, 2023.
             Slain by an orc warrior
             ... wielding a +0 glaive
              (20 damage)
             ... on level 5 of the Dungeon.
             The game lasted 00:04:05 (4021 turns).

olmar the Ruffian (Ghoul Monk)                      Turns: 4021, Time: 00:04:06

Health: 0/60       AC:  3    Str: 17    XL:     7   Next: 64%
Magic:  6/6        EV: 13    Int:  5    God:
Gold:   202        SH:  0    Dex: 11    Spells: 6/6 levels left

rFire   + .          .
                       - Unarmed
rCold   + . .        c - orb {light}
rNeg    + + +        a - +0 robe
rPois   ∞            t - +0 helmet
rElec   .            (no cloak)
rCorr   .            (no gloves)
SInv    .            (no boots)
Will    .....        (no amulet)
Stlth   +            i - ring of protection from fire
HPRegen 0.00/turn    (no ring)
MPRegen 0.10/turn

%: no passive effects
@: inhibited regen, glowing
A: claws 1, cold resistance 1, negative energy resistance 3, inhibited
regeneration, torment resistance 2, devour on kill
a: no special abilities


You were on level 5 of the Dungeon.
You visited 1 branch of the dungeon, and saw 5 of its levels.

You collected 202 gold pieces.

Inventory:

Missiles
 o - 5 javelins (quivered)
Armour
 a - a +0 robe (worn)
 c - an orb of light (worn)
 p - a +0 chain mail
 t - a +0 helmet (worn)
Jewellery
 i - a ring of protection from fire (left claw)
Wands
 e - a wand of polymorph (3)
Scrolls
 b - a scroll of amnesia {unknown}
 d - 4 scrolls of immolation {unknown}
 h - a scroll of enchant armour {unknown}
 j - a scroll of magic mapping {unknown}
 m - a scroll of torment {unknown}
 n - 3 scrolls of fear {unknown}
 q - a scroll of noise {unknown}
 s - a scroll of enchant weapon
 v - a scroll of identify
Potions
 f - 4 potions of curing
 g - 2 potions of flight
 k - 3 potions of heal wounds
 l - a potion of magic {unknown}
 r - 2 potions of ambrosia
 u - 2 potions of mutation {unknown}


   Skills:
 + Level 4.4 Fighting
 + Level 4.7 Dodging
 + Level 1.3 Stealth
 + Level 7.5 Unarmed Combat


You had 6 spell levels left.
You didn't know any spells.
Your spell library contained the following spells:

 Spells                   Type           Power      Damage    Failure   Level
 Sting                    Tmut/Pois      0%         1d3       47%         1
 Poisonous Vapours        Pois/Air       0%         N/A       63%         2
 Dazzling Flash           Conj/Hex       0%         N/A       85%         3
 Volatile Blastmotes      Fire/Tloc      0%         2d10      85%         3
 Iskenderun's Mystic Bla  Conj/Tloc      0%         2d3       99%         4
 Olgreb's Toxic Radiance  Pois           0%         N/A       99%         4
 Starburst                Conj/Fire      0%         6d3       100%        6


Dungeon Overview and Level Annotations

Branches:
Dungeon (5/15)
 Temple: D:4-7

Altars:
Ashenzari
Makhleb
Okawaru
Wu Jian
Xom

Shops:
D:3 [


Innate Abilities, Weirdness & Mutations

You are immune to poison.
You have sharp fingernails.
Your flesh is cold resistant. (rC+)
You are immune to negative energy. (rN+++)
You do not regenerate when monsters are visible.
You are immune to unholy pain and torment.
You thrive by killing the living.


Message History

Unknown command.
You scratch the orc but do no damage. The orc closely misses you.
You scratch the orc but do no damage. The orc hits you with a +0 dagger.
You scratch the orc but do no damage. You scratch the orc but do no damage.
The orc hits you with a +0 dagger.
You claw the orc!
You kill the orc!
You feel better. The orc warrior barely misses you.
The orc warrior completely misses you.
You barely miss the orc warrior. The orc warrior barely misses you.
You scratch the orc warrior but do no damage.
The orc warrior hits you with a +0 glaive!
You claw the orc warrior!
The orc warrior is moderately wounded.
The orc warrior hits you with a +0 glaive!
You claw the orc warrior!
The orc warrior is heavily wounded.
You scratch the orc warrior.
The orc warrior is severely wounded.
The orc warrior hits you with a +0 glaive!
You are too injured to fight recklessly!
You are too injured to fight recklessly!
You are too injured to fight recklessly!
You are too injured to fight recklessly!
You are too injured to fight recklessly!
You are too injured to fight recklessly!
You are too injured to fight recklessly!
You are too injured to fight recklessly!
You are too injured to fight recklessly!
You are too injured to fight recklessly!
You are too injured to fight recklessly!
You are too injured to fight recklessly!
You are too injured to fight recklessly!
You are too injured to fight recklessly!
You are too injured to fight recklessly!
You closely miss the orc warrior.
The orc warrior is severely wounded.
The orc warrior hits you with a +0 glaive!!
You die...

..##..##..####.#..###.###.#.####.
.####.#>..|###.#......#####.#####
.####.......#..##..#..#.# #....##
...###........####......####†....
....####)....#####.......##..<...
....###......#......##...###.....
##....###..###(....####..###.....
.###..###...#......##............
.# #..#........o@...<............
..###...............)...........#
..#.#....#...............##.....#
..#.....###......>.####.........#
.....##.###.#)#....#.###.........
....###..[..###......####........
...####.##..# #.##....##.........
.#..##.....###..##...............
.#..#..#......#.##...............


You could see an orc warrior.

Vanquished Creatures
  An ogre (D:5)
  A phantom (D:5)
  A scorpion (D:5)
  A howler monkey (D:4)
  A jelly (D:5)
  An orc priest (D:4)
  3 hounds
  Ijyb (D:5)
  A sleepcap (D:5)
  4 orc wizards
  5 adders
  3 worms
  3 dart slugs
  12 orcs
  8 endoplasms
  2 giant cockroaches
  4 goblins
  3 hobgoblins
  6 kobolds
  3 quokkas
  5 ball pythons
  9 bats
  2 frilled lizards
  4 rats
84 creatures vanquished.

Notes
Turn   | Place    | Note
-------+----------+-------------------------------------------
     0 | D:1      | olmar the Ghoul Monk began the quest for the Orb.
     0 | D:1      | Reached XP level 1. HP: 19/19 MP: 0/0
   146 | D:1      | Reached XP level 2. HP: 24/26 MP: 1/1
   714 | D:2      | Reached XP level 3. HP: 24/31 MP: 2/2
  1059 | D:2      | Found a shimmering altar of Xom.
  1146 | D:2      | Reached skill level 4 in Unarmed Combat
  1252 | D:3      | Found Xutikey's Antique Armour Boutique.
  1420 | D:3      | Reached XP level 4. HP: 36/40 MP: 3/3
  1574 | D:3      | HP: 2/40 [orc wizard/magic dart (9)]
  1590 | D:3      | Reached XP level 5. HP: 19/46 MP: 4/4
  2053 | D:3      | Reached skill level 5 in Unarmed Combat
  2455 | D:4      | Found a broken altar of Ashenzari.
  2699 | D:4      | Found an ornate altar of the Wu Jian Council.
  2699 | D:4      | Found a burning altar of Makhleb.
  2702 | D:4      | Found an iron altar of Okawaru.
  2737 | D:4      | Reached XP level 6. HP: 44/52 MP: 5/5
  3226 | D:5      | Entered Level 5 of the Dungeon
  3253 | D:5      | Noticed an orc warrior
  3362 | D:5      | Found a shimmering altar of Xom.
  3371 | D:5      | Reached skill level 6 in Unarmed Combat
  3414 | D:5      | Noticed Ijyb
  3420 | D:5      | Reached skill level 1 in Stealth
  3426 | D:5      | Killed Ijyb
  3427 | D:5      | Reached XP level 7. HP: 45/60 MP: 6/6
  3707 | D:5      | Reached skill level 7 in Unarmed Combat
  4021 | D:5      | Slain by an orc warrior

Illustrated notes

Levels and vault maps discovered:
D:1:      scummos_arrival_checkerplants, layout_loops_ring
D:2:      layout_rooms, basic_altar, serial_glass, glass_columns_a,
          glass_columns_c, feat_on_display, due_unseen_surprise
D:3:      layout_loops_corners, serial_shops, shop
D:4:      layout_rooms, ashenzari_altar_1, gammafunk_temple_overflow_forgotten,
          serial_bayou_pond_e, nicolae_concentric_dashed_squares_mild
D:5:      layout_cave_pools, xom_teletrap_fun, uniq_ijyb

Skill      XL: |  1  2  3  4  5  6  7 |
---------------+----------------------+-----
Dodging        | 3 4 |  4.7
Unarmed Combat | 4 5 6 7 |  7.5
Fighting       | 4 |  4.4
Stealth        | 1 |  1.3

Action                     |  1- 3 |  4- 6 |  7- 9 || total
---------------------------+-------+-------+-------++-------
  Melee: Unarmed           |    95 |   129 |    51 ||   275
  Throw: Javelin           |       |     1 |     1 ||     2
    Use: Potion            |       |     1 |       ||     1
         Scroll            |       |     4 |       ||     4
   Stab: Sleeping          |       |       |     1 ||     1
 Armour: Robe              |    17 |    18 |     6 ||    41
  Dodge: Dodged            |    69 |    74 |    23 ||   166
